 Dungeon Crawl Stone Soup version 0.14-a0-3445-g2afddda (webtiles) character file.

85469 tab2win the Fencer (level 15, -2/143 HPs)
             Began as a Minotaur Fighter on Mar 22, 2014.
             Was a High Priest of Okawaru.
             Killed from afar by a vapour (15 damage)
             ... with a bolt of lightning
             ... on Level 15 of the Dungeon on Mar 23, 2014.
             The game lasted 02:25:58 (26368 turns).

tab2win the Fencer (Minotaur Fighter)              Turns: 26368, Time: 02:25:58

HP  -2/143       AC 39     Str 26      XL: 15   Next: 35%
MP  25/25        EV  8     Int  5      God: Okawaru [*****.]
Gold 1041        SH 35     Dex 18      Spells:  0 memorised, 14 levels left

rFire  + + .     SeeInvis .     i - +5,+2 scimitar (flame) {@w1}
rCold  . . .     Clarity  +     n - +4 plate armour {MR+}
rNeg   . . .     Conserve .     l - +4 shield of Orthodoxy {rF++ Dex+4 Stlth+ Curse}
rPois  .         rCorr    .     E - +1 hat
rElec  .         rRot     .     s - +2 cloak
SustAb + .       Spirit   .     a - +1 pair of gloves {Dex+3}
rMut   .         Warding  .     c - +3 pair of boots "Usyekhlao" {Acc+2}
Saprov . . .     Stasis   .     J - amulet "Broram" {Clar MR+}
MR     +++..                    T - +5 ring of protection
                                f - ring of sustain abilities

@: heroism, finesse, drained, extremely resistant to hostile enchantments,
extremely unstealthy
A: retaliatory headbutt, horns 2
a: Heroism, Finesse, Renounce Religion


You were on level 15 of the Dungeon.
You worshipped Okawaru.
Okawaru was extremely pleased with you.
You were hungry.

You visited 4 branches of the dungeon, and saw 28 of its levels.

You collected 2580 gold pieces.
You spent 1539 gold pieces at shops.

Inventory:

Hand weapons
 g - a +4,+4 scimitar of protection {@w1}
 i - a +5,+2 scimitar of flaming (weapon) {@w1}
 w - a +4,+0 sling of velocity {@w2}
 N - a +1,+1 great sword of holy wrath
 U - a +1,+2 long sword of draining
Missiles
 S - 75 sling bullets (quivered)
Armour
 a - a +1 pair of gloves of dexterity (worn)
 c - the +3 pair of boots "Usyekhlao" (worn) {Acc+2}
   (Okawaru gifted it to you on level 12 of the Dungeon)

   It affects your accuracy with ranged weapons and melee attacks (+2).
 l - the +4 shield of Orthodoxy (worn) {rF++ Dex+4 Stlth+ Curse}
   (Okawaru gifted it to you on level 8 of the Lair of Beasts)

   It affects your dexterity (+4).
   It greatly protects you from fire.
   It may recurse itself when equipped.
   It makes you much more stealthy.
 n - a +4 plate armour of magic resistance (worn)
 s - a +2 cloak (worn)
 E - a +1 hat (worn)
 V - a +1 pair of boots of jumping
Magical devices
 o - a wand of magic darts (13)
 p - a wand of draining (5)
 t - a wand of flame (6)
 x - a wand of lightning (7)
 y - a wand of teleportation (4)
 z - a wand of slowing (16)
 B - a wand of confusion (12)
 C - a wand of digging (8)
 I - a wand of flame (11)
 L - a wand of frost (4)
 M - a wand of polymorph (0)
 Q - a wand of enslavement (6)
 R - a wand of heal wounds (0)
Comestibles
 d - 11 bread rations
 O - 5 rotting chunks of yak flesh
Scrolls
 e - a scroll of fear
 m - a scroll of fog
 v - 11 scrolls of remove curse
 F - 9 scrolls of identify
 W - 2 scrolls of magic mapping
 Y - a scroll of teleportation
 Z - a scroll of recharging
Jewellery
 b - an uncursed ring of flight
 f - a ring of sustain abilities (left hand)
 h - a +2 ring of evasion
 H - an uncursed amulet of resist mutation
 J - the amulet "Broram" (around neck) {Clar MR+}
   (You found it on level 13 of the Dungeon)

   [amulet of clarity]

   It affects your resistance to hostile enchantments.
 T - a +5 ring of protection (right hand)
Potions
 j - 2 potions of might
 k - 3 potions of brilliance
 q - 2 potions of agility
 u - 7 potions of curing
 A - a potion of magic
 D - a potion of restore abilities
 G - a potion of haste
 X - a potion of berserk rage
Miscellaneous
 r - a disc of storms
 P - a lamp of fire


   Skills:
 * Level 15.8(20.6) Fighting
 + Level 16.9(21.7) Long Blades
 + Level 13.2(18.0) Armour
 + Level 11.9(16.7) Shields
 + Level 10.4(10.2) Invocations
 + Level 7.6(7.4) Evocations


You had 14 spell levels left.
You didn't know any spells.

Dungeon Overview and Level Annotations

Branches:
Dungeon (15/15)            Temple (1/1) D:6             Orc (4/4) D:11
    Elf (0/3) Orc:4          Lair (8/8) D:10         Shoals (0/5) Lair:3
  Snake (0/5) Lair:5        Slime (0/6) Lair:8       Vaults (0/5) D:13
 Depths: D:15

Altars:
Elyvilon
Kikubaaqudgha
Makhleb
Nemelex Xobeh
Okawaru
Sif Muna
Trog
Xom
The Shining One

Shops:
D:10 ?   D:11 =!(   Orc:4 (!%[


Innate Abilities, Weirdness & Mutations

You reflexively headbutt those who attack you in melee.
You have a pair of horns on your head.


Message History

You sense an unholy aura.
U - a +1,+2 long sword of draining (weapon)
Wield which item (- for none, * to show all)? (? for menu, Esc to quit)
It bursts into flame!
i - a +5,+2 scimitar of flaming (weapon)
{@w1} Drop what? (_ for help) (? for menu, Esc to quit)
Okay, then.
Some of the chunks of flesh in your inventory have completely rotted away.
You now have 1041 gold pieces (gained 18).
Deactivating autopickup; reactivate with Ctrl-A.
You miss something. The bolt of lightning hits you!
You start resting.
The bolt of lightning hits you! The bolt of lightning hits you! x2
* * * LOW HITPOINT WARNING * * *
The bolt of lightning hits you!
* * * LOW HITPOINT WARNING * * *
The bolt of lightning hits you!
You die...

#........##........##.
#.........##........##
#.....##....######...[.
H....##....##....##....
#...##.§..##......##...
##§§..##.......§##.[
#§§§§##....##.§..###
##§§.§....## ##@.§...##
##....## ######


There were no monsters in sight!

Vanquished Creatures
  Saint Roka (Orc:4)
  An orc warlord (Orc:2)
  A vault guard (D:13)
  Harold (Lair:3)
  3 rakshasas (D:15)
  3 hydras
  5 death yaks (Lair:7)
  Erica (Lair:6)
  The ghost of marcus the Cleaver, an experienced LOFi of Ashenzari (D:10)
  An ogre mage (D:14)
  5 centaur warriors
  An iron troll (Orc:4)
  2 unseen horrors (D:13)
  A deep troll (D:13)
  A lindwurm (Lair:5)
  A wizard (D:14)
  6 orc knights
  4 hill giants
  2 griffons
  A salamander (shapeshifter) (D:14)
  A manticore (D:11)
  A cyclops (D:13)
  2 guardian serpents (D:13)
  9 elephants
  A gargoyle (D:15)
  A feature mimic (D:7)
  8 spiny frogs
  3 black mambas
  A queen bee (Lair:5)
  2 efreet
  2 fire drakes
  6 trolls
  2 spriggan druids (Lair:8)
  Grinder (D:9)
  2 tengu conjurers (D:15)
  4 giant fireflies (Lair:8)
  3 two-headed ogres
  A freezing wraith (D:15)
  7 komodo dragons
  2 polar bears
  16 blink frogs
  A hydra skeleton (D:9)
  A slime creature (D:13)
  A basilisk (Lair:7)
  2 ravens (D:15)
  5 wraiths
  6 grizzly bears
  10 spriggans (Lair:8)
  40 yaks
  A tarantella (shapeshifter) (D:13)
  A shadow (D:13)
  A deep elf fighter (D:11)
  A wyvern (D:13)
  2 deep elf magi
  A hungry ghost (D:11)
  A hill giant zombie (D:13)
  6 hippogriffs
  An elephant slug (Lair:5)
  6 vampire mosquitoes
  A hill giant skeleton (D:12)
  9 ugly things
  A soldier ant (D:14)
  20 wolves
  12 water moccasins
  Edmund (D:6)
  Menkaure (D:4)
  A necrophage (D:8)
  4 nagas (Lair:5)
  6 wargs
  5 porcupines
  45 orc warriors
  3 ice beasts
  8 black bears
  2 phantoms
  2 yellow wasps
  2 sky beasts
  13 crocodiles
  25 centaurs
  12 ogres
  Sigmund (D:6)
  A big kobold (D:12)
  A brain worm (Lair:4)
  8 giant slugs
  11 giant frogs
  Blork the orc (Orc:1)
  A wyvern zombie (D:13)
  A cyclops zombie (D:10)
  3 wyvern skeletons
  3 scorpions
  36 killer bees
  The ghost of chtunga the Insei, a weakling DrTm (D:4)
  3 electric eels (D:8)
  9 wights (D:15)
  7 crimson imps
  2 vampire bats (Lair:1)
  5 goliath beetles
  4 hounds
  3 centaur zombies
  A giant frog zombie (D:11)
  Crazy Yiuf (D:3)
  A gnoll shaman (D:8)
  33 orc priests
  30 orc wizards
  A two-headed ogre skeleton (D:11)
  A jelly (D:7)
  17 iguanas
  5 worker ants
  Ijyb (D:3)
  Jessica (D:3)
  16 sheep
  2 hound zombies
  Terence (D:2)
  A worker ant zombie (D:5)
  11 gnolls
  79 green rats
  24 adders
  A shadow imp (D:5)
  2 giant mites
  An inept feature mimic (D:7)
  A goliath beetle zombie (D:13)
  9 worms
  An iguana zombie (D:8)
  An adder zombie (D:6)
  2 orc zombies
  An adder skeleton (D:9)
  3 giant eyeballs
  7 giant geckos
  3 oozes
  179 orcs
  27 bats
  2 bat skeletons
  5 giant cockroaches
  14 goblins
  25 hobgoblins
  22 jackals
  22 kobolds
  10 quokkas
  7 giant newts
  2 giant spores
  A hobgoblin zombie (D:5)
  A quokka skeleton (D:3)
  22 rats
  7 ballistomycetes
  2 fungi
  A plant (Lair:1)
1085 creatures vanquished.

Vanquished Creatures (others)
  A water moccasin (Lair:8)
  2 giant spores (D:12)
  2 fungi
  2 plants
7 creatures vanquished.

Grand Total: 1092 creatures vanquished

Notes
Turn   | Place    | Note
--------------------------------------------------------------
     0 | D:1      | tab2win, the Minotaur Fighter, began the quest for the Orb.
     0 | D:1      | Reached XP level 1. HP: 19/19 MP: 1/1
   161 | D:1      | Reached XP level 2. HP: 26/26 MP: 1/1
   572 | D:2      | Reached skill level 4 in Long Blades
   760 | D:2      | Reached XP level 3. HP: 22/31 MP: 2/2
   888 | D:2      | Noticed Terence
   903 | D:2      | Killed Terence
  1008 | D:2      | Reached skill level 5 in Long Blades
  1225 | D:2      | Reached XP level 4. HP: 39/39 MP: 2/2
  1776 | D:3      | Found a sparkling altar of Nemelex Xobeh.
  1783 | D:3      | Reached skill level 6 in Long Blades
  1835 | D:3      | Noticed Ijyb
  1851 | D:3      | Killed Ijyb
  1851 | D:3      | Reached XP level 5. HP: 31/45 MP: 2/2
  1859 | D:3      | Noticed Jessica
  1881 | D:3      | Killed Jessica
  2133 | D:3      | Reached skill level 7 in Long Blades
  2344 | D:3      | Noticed Crazy Yiuf
  2351 | D:3      | Killed Crazy Yiuf
  2387 | D:4      | Noticed chtunga's ghost (weakling DrTm)
  2395 | D:4      | Killed chtunga's ghost
  2395 | D:4      | Reached XP level 6. HP: 51/51 MP: 3/3
  2488 | D:4      | Noticed Menkaure
  2503 | D:4      | Killed Menkaure
  2503 | D:4      | Reached skill level 8 in Long Blades
  2642 | D:4      | Noticed an ogre
  2646 | D:4      | Killed an ogre
  2646 | D:4      | Reached skill level 9 in Long Blades
  2646 | D:4      | Reached XP level 7. HP: 48/57 MP: 3/3
  2662 | D:4      | Found a white marble altar of Elyvilon.
  3146 | D:5      | Entered Level 5 of the Dungeon
  3278 | D:5      | Reached skill level 10 in Long Blades
  3783 | D:5      | Reached skill level 11 in Long Blades
  3783 | D:5      | Reached XP level 8. HP: 64/64 MP: 3/3
  4000 | D:6      | Found a staircase to the Ecumenical Temple.
  4022 | Temple   | Entered the Ecumenical Temple
  4033 | Temple   | Became a worshipper of Warmaster Okawaru
  4238 | D:6      | Reached skill level 12 in Long Blades
  4438 | D:6      | Noticed Edmund
  4450 | D:6      | Killed Edmund
  4597 | D:6      | Acquired Okawaru's first power
  4654 | D:6      | Noticed Sigmund
  4663 | D:6      | Reached skill level 13 in Long Blades
  4690 | D:6      | Killed Sigmund
  5211 | D:7      | Reached XP level 9. HP: 38/70 MP: 4/4
  5933 | D:7      | Killed a staircase mimic
  5933 | D:7      | Reached skill level 14 in Long Blades
  6159 | D:8      | Noticed an efreet
  6176 | D:8      | Killed an efreet
  6176 | D:8      | Reached skill level 15 in Long Blades
  6298 | D:8      | Identified a scroll of acquirement
  6821 | D:8      | Reached skill level 1 in Invocations
  7429 | D:9      | Reached XP level 10. HP: 77/80 MP: 6/6
  7540 | D:9      | Reached skill level 5 in Fighting
  7641 | D:9      | Found a shimmering altar of Xom.
  7689 | D:9      | Noticed Grinder
  7694 | D:9      | Killed Grinder
  8188 | D:9      | Reached skill level 5 in Armour
  8200 | D:10     | Entered Level 10 of the Dungeon
  8206 | D:10     | Noticed marcus' ghost (experienced LOFi)
  8241 | D:10     | Killed marcus' ghost
  8241 | D:10     | Reached skill level 5 in Shields
  8357 | D:10     | Got a warped scale mail
  8375 | D:10     | Identified the cursed -4 scale mail of the Countless Moons {rPois rN+ Int-1 Dam+5 SInv} (You found it on level 10 of the Dungeon)
  8396 | D:10     | Found a staircase to the Lair.
  8445 | D:10     | Found Zeykujylot's Magic Scroll Shoppe.
  8459 | D:10     | Bought a scroll of recharging for 114 gold pieces
  8459 | D:10     | Bought a scroll of teleportation for 36 gold pieces
  8459 | D:10     | Bought a scroll of identify for 24 gold pieces
  8459 | D:10     | Bought a scroll of identify for 24 gold pieces
  8459 | D:10     | Bought a scroll of identify for 24 gold pieces
  8459 | D:10     | Bought a scroll of blinking for 90 gold pieces
  8708 | Lair:1   | Entered Level 1 of the Lair of Beasts
  9160 | Lair:1   | Identified the Compendium of Air (You found it on level 1 of the Lair of Beasts)
  9784 | Lair:2   | Reached XP level 11. HP: 83/94 MP: 12/12
  9856 | Lair:2   | Acquired Okawaru's second power
 10166 | Lair:2   | Noticed an elephant
 10166 | Lair:2   | Noticed an elephant
 10167 | Lair:2   | Noticed an elephant
 10168 | Lair:2   | Noticed an elephant
 10168 | Lair:2   | Noticed an elephant
 10176 | Lair:2   | Killed an elephant
 10183 | Lair:2   | Killed an elephant
 10193 | Lair:2   | Killed an elephant
 10193 | Lair:2   | Received a gift from Okawaru
 10203 | Lair:2   | Killed an elephant
 10209 | Lair:2   | Killed an elephant
 10209 | Lair:2   | Reached skill level 5 in Invocations
 10272 | Lair:2   | Noticed an eight-headed hydra
 10286 | Lair:2   | Killed a four-headed hydra
 10884 | Lair:3   | Noticed Harold
 10907 | Lair:3   | Killed Harold
 10907 | Lair:3   | Reached skill level 10 in Fighting
 10946 | Lair:3   | Found a staircase to the Shoals.
 11660 | Lair:3   | Noticed a seven-headed hydra
 11681 | Lair:3   | Received a gift from Okawaru
 11684 | Lair:3   | Killed a two-headed hydra
 12159 | Lair:4   | Reached skill level 1 in Evocations
 12240 | Lair:4   | Reached XP level 12. HP: 67/108 MP: 18/18
 13045 | Lair:5   | Reached skill level 10 in Armour
 13059 | Lair:5   | Found a staircase to the Snake Pit.
 14006 | Lair:6   | Received a gift from Okawaru
 14551 | Lair:6   | Noticed Erica
 14575 | Lair:6   | Killed Erica
 15614 | Lair:7   | Received a gift from Okawaru
 15727 | Lair:7   | Reached XP level 13. HP: 77/118 MP: 21/21
 15847 | Lair:7   | Noticed a five-headed hydra
 15856 | Lair:7   | Killed a one-headed hydra
 16373 | Lair:8   | Entered Level 8 of the Lair of Beasts
 16584 | Lair:7   | Reached skill level 10 in Shields
 16911 | Lair:8   | Reached skill level 5 in Evocations
 17037 | Lair:8   | Reached skill level 16 in Long Blades
 17052 | Lair:8   | Received a gift from Okawaru
 17057 | Lair:8   | Got an ichor-stained shield {god gift}
 17069 | Lair:8   | Identified the +4 shield of Orthodoxy {rF++ Dex+4 Stlth+ Curse} (Okawaru gifted it to you on level 8 of the Lair of Beasts)
 17518 | Lair:8   | Upgraded the game from 0.14-a0-3424-g5348755 to 0.14-a0-3445-g2afddda
 17671 | Lair:8   | Found a staircase to the Slime Pits.
 18323 | D:11     | Reached XP level 14. HP: 81/130 MP: 23/23
 18343 | D:11     | Found Jetaanuo's Jewellery Boutique.
 18358 | D:11     | Bought a +5 ring of protection for 660 gold pieces
 18663 | D:11     | Found Dorual's Antique Weapon Shoppe.
 18752 | D:11     | Found Ife Deus' Distillery.
 18767 | D:11     | Bought a potion of heal wounds for 51 gold pieces
 18767 | D:11     | Bought a potion of haste for 119 gold pieces
 18959 | D:11     | Found a staircase to the Orcish Mines.
 19009 | Orc:1    | Entered Level 1 of the Orcish Mines
 19066 | Orc:1    | Noticed Blork the orc
 19091 | Orc:1    | Killed Blork the orc
 19728 | Orc:2    | Noticed an orc warlord
 19817 | Orc:2    | Killed an orc warlord
 20583 | Orc:4    | Entered Level 4 of the Orcish Mines
 20583 | Orc:4    | Found a staircase to the Elven Halls.
 20702 | Orc:4    | Received a gift from Okawaru
 20798 | Orc:4    | Noticed Saint Roka
 21509 | Orc:4    | Found Cuzxuhuf's Food Emporium.
 21509 | Orc:4    | Found Cuoruoba's Distillery.
 21790 | Orc:4    | Found Stovanlu's Antique Weapon Shop.
 21792 | Orc:4    | Found Rafacw's Antique Armour Shoppe.
 21804 | Orc:4    | Bought 2 potions of heal wounds for 84 gold pieces
 21808 | Orc:4    | Bought a slimy cloak for 313 gold pieces
 21812 | Orc:4    | Identified the cursed -5 cloak of Indomitability {Str+4 Dex-3} (You bought it in a shop on level 4 of the Orcish Mines)
 22124 | Orc:4    | Killed Saint Roka
 22563 | D:12     | Received a gift from Okawaru
 22572 | D:12     | Got a pair of slimy boots {god gift}
 22576 | D:12     | Identified the +3 pair of boots "Usyekhlao" {Acc+2} (Okawaru gifted it to you on level 12 of the Dungeon)
 22750 | D:12     | Reached skill level 15 in Fighting
 23815 | D:13     | Reached skill level 10 in Invocations
 24159 | D:13     | Got a twitching diamond amulet
 24162 | D:13     | Identified the amulet "Broram" {Clar MR+} (You found it on level 13 of the Dungeon)
 24395 | D:13     | Reached XP level 15. HP: 135/141 MP: 25/25
 24646 | D:13     | Paralysed by a giant eyeball for 2 turns
 25057 | D:13     | Found a gate to the Vaults.
 26081 | D:15     | Entered Level 15 of the Dungeon
 26183 | D:15     | Received a gift from Okawaru
 26186 | D:15     | Got a crude ring mail {god gift}
 26235 | D:15     | Identified the -1 ring mail of the Nine Songs {+Rage rN+ Stlth++} (Okawaru gifted it to you on level 15 of the Dungeon)
 26368 | D:15     | Killed from afar by a vapour

Action                   |  1- 3 |  4- 6 |  7- 9 | 10-12 | 13-15 || total
-------------------------+-------+-------+-------+-------+-------++-------
Melee: Long sword        |    97 |   163 |   337 |       |       ||   597
       Scimitar          |       |       |   109 |   936 |  1655 ||  2700
 Fire: Sling             |       |       |       |       |     2 ||     2
Throw: Dart              |     3 |       |     1 |       |       ||     4
Invok: Heroism           |       |       |     2 |     7 |    16 ||    25
       Finesse           |       |       |       |     5 |     9 ||    14
 Abil: Evoke Jump Attack |       |       |       |       |     5 ||     5
Evoke: Wand              |     1 |     1 |     1 |     7 |    12 ||    22
  Use: Scroll            |       |     6 |    11 |    13 |    25 ||    55
       Potion            |       |     1 |     3 |     2 |     8 ||    14
 Stab: Fleeing           |       |       |       |       |     1 ||     1
